 Dungeon Crawl Stone Soup version 0.31-a0-358-gac0dbeb3ab (webtiles) character file.

Game seed: 5666891510138983083

141 AIAndy the Ruffian (level 5, -1/33 HPs)
             Began as an Octopode Shapeshifter on July 25, 2023.
             Slain by a goblin
             ... wielding a +0 dagger
             ... led by Robin
              (4 damage)
             ... on level 2 of the Dungeon.
             The game lasted 00:03:49 (1094 turns).

AIAndy the Ruffian (Octopode Shapeshifter)          Turns: 1094, Time: 00:03:50

Health: -1/33      AC:  1    Str: 16    XL:     5   Next: 24%
Magic:  5/5        EV: 13    Int: 11    God:
Gold:   116        SH:  0    Dex: 12    Spells: 4/4 levels left

rFire   . .          .
                       - Unarmed
rCold   . . .        (no shield)
rNeg    . . .        (helmet currently unavailable)
rPois   .            (no amulet)
rElec   .            (no ring)
rCorr   .            (no ring)
SInv    .            (no ring)
Will    .....        (no ring)
Stlth   ++           (no ring)
HPRegen 0.25/turn    (no ring)
MPRegen 0.09/turn    (no ring)
                     (no ring)

%: no passive effects
@: beast-form, hasted, very quick
A: beast (slay +2), almost no armour, amphibious, 8 rings, camouflage 1,
gelatinous body 1, (nimble swimmer 1), tentacles
a: Begin Untransformation


You were on level 2 of the Dungeon.
You were a hulking beast.
You visited 1 branch of the dungeon, and saw 2 of its levels.

You collected 116 gold pieces.


Innate Abilities, Weirdness & Mutations

You are a hulking beast.
Your limbs bulge with bestial killing power. (Slay +2)
You cannot wear most types of armour.
You are amphibious.
You can wear up to eight rings at the same time.
Your skin changes colour to match your surroundings (Stealth+).
Your rubbery body absorbs attacks. (AC +1, EV +1)
((You are camouflaged when in or above water. (Stealth+)))
You have tentacles for arms and can constrict up to eight enemies at once.


   Skills:
 - Level 1.0 Fighting
 - Level 2.0 Dodging
 + Level 4.5 Unarmed Combat
 + Level 4.1 Shapeshifting


You had 4 spell levels left.
You didn't know any spells.
Your spell library was empty.

Inventory:

Hand Weapons
 j - a +2 dagger of freezing
Missiles
 c - 3 boomerangs (quivered)
Magical Staves
 i - a staff of poison
Talismans
 b - a beast talisman
Scrolls
 e - a scroll of fear {unknown}
 f - a scroll of brand weapon
 g - a scroll of amnesia {unknown}
Potions
 a - a potion of lignification {!q}

Dungeon Overview and Level Annotations

Branches:
Dungeon (2/15)

Altars:

Annotations:
D:2 Robin

#.#####.##### .##.#
#.##......... .!..
#.........### #...
#..#.##.#.# #...
##.......#.# #...
#........#.#
####...####...#....#.#
......gg).....#..#...#
.....g.hg.....#.###...
......g......## .##
####...####...... #...
##..... #... #####.# #
#... # #... # ##.# #
..#. ######... #.


You could see Robin (inner flame), a hobgoblin (inner flame, strong) and 3
goblins.


Message History

The sling bullet barely misses you.
You bludgeon the goblin!
You kill the goblin!
Robin throws the goblin at you! The goblin completely misses you.
The goblin shoots a sling bullet.
The sling bullet barely misses you.
You closely miss the goblin. Your grab misses the goblin.
Your squeeze misses the goblin. Robin throws the goblin at you!
The goblin hits you with a +0 club. The goblin hits you with a +0 dagger.
You tentacle-slap the goblin.
You kill the goblin!
The goblin hits you with a +0 club.
* * * LOW HITPOINT WARNING * * *
As you read the scroll labelled YCUWYATSAT, it crumbles to dust.
It is a scroll of brand weapon.
Your +2 dagger of draining is covered with a thin layer of ice!
j - a +2 dagger of freezing The goblin barely misses you.
The goblin closely misses you. The hobgoblin misses you.
Okay, then.
It was a potion of haste.
You feel yourself speed up.
The goblin unwields a +0 sling.
The goblin wields a +0 club.
The goblin barely misses you. The goblin hits you with a +0 club.
* * * LOW HITPOINT WARNING * * *
The goblin hits you but does no damage.
As you read the scroll labelled CUTIYC DIEJUE, it crumbles to dust.
The creatures around you are filled with an inner flame!
It was a scroll of immolation.
The hobgoblin hits you.
* * * LOW HITPOINT WARNING * * *
The goblin hits you with a +0 dagger.
You die...

Skill      XL: |  1  2  3  4 |
---------------+-------------+-----
Unarmed Combat | 4 |  4.5
Shapeshifting  | 4 |  4.1
Fighting       | |  1.0
Dodging        | |  2.0

Action                     |  1- 3 |  4- 6 || total
---------------------------+-------+-------++-------
  Melee: Unarmed           |    42 |    22 ||    64
         Constrict         |    10 |     7 ||    17
         Tentacles         |     5 |     1 ||     6
    Use: Scroll            |       |     2 ||     2
         Potion            |       |     1 ||     1
   Stab: Sleeping          |     8 |       ||     8
 Armour: Skin              |       |     2 ||     2
  Dodge: Dodged            |    19 |    14 ||    33

Levels and vault maps discovered:
D:1:      elethiomel_arrival_diamonds, layout_loops_ring
D:2:      layout_loops_cross, minmay_hexomino_u4, uniq_robin, uniq_jessica

Notes
Turn   | Place    | Note
-------+----------+-------------------------------------------
     0 | D:1      | AIAndy the Octopode Shapeshifter began the quest for the
                  | Orb.
     0 | D:1      | Reached XP level 1. HP: 13/13 MP: 1/1
   136 | D:1      | Reached XP level 2. HP: 18/18 MP: 2/2
   458 | D:1      | Reached XP level 3. HP: 19/23 MP: 3/3
   766 | D:2      | Noticed Jessica
   770 | D:2      | Killed Jessica
   785 | D:2      | Noticed Robin
   794 | D:2      | Noticed a scorpion
   795 | D:2      | Reached XP level 4. HP: 26/28 MP: 4/4
   797 | D:2      | Reached skill level 4 in Unarmed Combat
   809 | D:2      | Killed a scorpion
   810 | D:2      | Reached skill level 4 in Shapeshifting
   810 | D:2      | Reached XP level 5. HP: 9/33 MP: 5/5
   835 | D:2      | HP: 1/33 [gnoll/+0 spear (6)]
   857 | D:2      | HP: 3/33 [Robin/goblin (3)]
   860 | D:2      | HP: 1/33 [goblin/+0 club[Robin] (3)]
  1094 | D:2      | HP: 3/33 [hobgoblin[Robin] (5)]
  1094 | D:2      | Slain by a goblin

Vanquished Creatures
  A scorpion (D:2)
  Jessica (D:2)
  A gnoll (D:2)
  2 dart slugs (D:1)
  4 bats (D:1)
  4 endoplasms (D:1)
  2 giant cockroaches (D:2)
  7 goblins
  4 hobgoblins
  A quokka (D:1)
  2 ball pythons (D:1)
  2 frilled lizards (D:1)
  4 kobolds (D:1)
  6 rats
41 creatures vanquished.

Table legend: (Time is in decaauts)
 A = Elapsed time spent in this place.
 B = Non-inter-level travel time spent in this place.
 C = Inter-level travel time spent in this place.
 D = Time resting spent in this place.
 E = Time spent auto-exploring this place.
 F = Levels seen in this place.
 G = Mean time per level.
                   A        B        C        D        E       F      G
               +--------+--------+--------+--------+--------+-----+--------+
         Total |   1091 |   1023 |     68 |    182 |    572 |   2 |  545.5 |
       Dungeon |   1091 |   1023 |     68 |    182 |    572 |   2 |  545.5 |
               +--------+--------+--------+--------+--------+-----+--------+

Top non-repeatable levels by time:
     D:1: 882 daAuts
     D:2: 208 daAuts

Table legend:
 A = Non-vault XP
 B = Vault XP
 C = Vault XP percentage of total XP
 D = Non-vault monster count
 E = Vault monster count
 F = Vault count percentage of total count
                 A         B        C        D         E       F
            +---------+---------+-------+---------+---------+-------
      Total |      50 |     152 |  75.2 |      22 |      19 |  46.3
            +---------+---------+-------+---------+---------+-------
        D:1 |      32 |      12 |  27.3 |      19 |       8 |  29.6
        D:2 |      18 |     140 |  88.6 |       3 |      11 |  78.6
            +---------+---------+-------+---------+---------+-------
